 Dungeon Crawl Stone Soup version 0.14-a0-1707-g75daffb (webtiles) character file.

165 Psiweapon the Insei (level 4, -4/31 HPs)
             Began as an Octopode Monk on Jan 1, 2014.
             Killed from afar by Sigmund (8 damage)
             ... with a magic dart
             ... on Level 2 of the Dungeon.
             The game lasted 00:11:27 (1801 turns).

Psiweapon the Insei (Octopode Monk)                 Turns: 1801, Time: 00:11:27

HP  -4/31        AC  1     Str 11      XL: 4   Next: 32%
MP   4/4         EV 13     Int 12      God:
Gold 89          SH  0     Dex 14      Spells:  0 memorised,  3 levels left

rFire  . . .     SeeInvis .       - Unarmed
rCold  . . .     Clarity  .     (no shield)
rNeg   . . .     Conserve .     (helmet restricted)
rPois  .         rCorr    .     (no amulet)
rElec  .         rRot     .     o - ring of wizardry
SustAb . .       Spirit   .     (no ring)
rMut   .         Warding  .     (no ring)
Saprov . . .     Stasis   .     (no ring)
                                (no ring)
                                (no ring)
                                (no ring)
                                (no ring)

@: slightly resistant to hostile enchantments, quite stealthy
A: almost no armour, amphibious, 8 rings, constrict 8, camouflage 1, gelatinous
body 1
a: no special abilities


You were on level 2 of the Dungeon.
You were hungry.

You visited 1 branch of the dungeon, and saw 4 of its levels.

You collected 89 gold pieces.

Inventory:

Hand weapons
 j - a +1,+1 dwarven short sword
 s - a -1 blowgun
Missiles
 t - 17 poisoned needles
Comestibles
 b - a bread ration
 k - 2 chunks of goblin flesh
Scrolls
 d - 4 scrolls of remove curse
 l - a scroll of random uselessness
 m - a scroll of teleportation {unknown}
 n - a scroll of enchant weapon I {unknown}
 p - a scroll of curse jewellery {unknown}
Jewellery
 o - a ring of wizardry (left tentacle)
Potions
 a - a potion of resistance {unknown}
 c - a potion of agility {unknown}
 h - a potion of curing {unknown}
 i - a potion of heal wounds {unknown}
 q - a potion of restore abilities {unknown}
 r - a potion of mutation {unknown}
Rods
 u - a +3 rod of destruction (0/14)
   (You found it on level 3 of the Dungeon)


   Skills:
 - Level 3.4 Fighting
 + Level 0.8 Throwing
 + Level 3.6 Dodging
 + Level 3.4 Stealth
 + Level 4.6 Unarmed Combat


You had 3 spell levels left.
You didn't know any spells.

Dungeon Overview and Level Annotations

Branches:
Dungeon (4/16)
 Temple: D:4-7

Altars:
Ashenzari

Annotations:
D:2 Sigmund


Innate Abilities, Weirdness & Mutations

You cannot wear most types of armour.
You are amphibious.
You can wear up to eight rings at the same time.
You can use your tentacles to constrict many enemies at once.
Your skin changes colour to match your surroundings (Stlth).
Your rubbery body absorbs attacks (AC +1).


Message History

You are already wielding that!
Evoke which spell from the rod ([a-c] spell [?*] list)?
Aiming: Lightning Bolt
Press: ? - help, Shift-Dir - straight line You hear a mighty clap of thunder!
You are feeling hungry.
You hear a shout!
A goblin comes into view.
Evoke which spell from the rod ([a-c] spell [?*] list)?
Aiming: Lightning Bolt
Press: ? - help, Shift-Dir - straight line You hear a mighty clap of thunder!
The bolt of lightning hits something.
It hits you!
* * * LOW HITPOINT WARNING * * *
Wield which item (- for none, * to show all)? (? for menu, Esc to quit)
You are now empty-tentacled.
You miss it.
You hear some strange, mumbled words.
The magic dart hits you!
You die...

*,,,,,,,,,,,.* *,,,,,,,,,
*,,,,,,,,....* *,,,,,,,,,
*,,,,,,,.....* *,,,,,,,,,
*,,,,,,......***** **,,,,,,,,
*,,,,,.......+,,,* *,,,,,,,,
*,,,,,.$.....**,******,,,,,,,,
*,,,,,r!.....**,,,,,.,,,,,,,,,
****,,,****#....####...#.,,,,,,,,
*,,+,,,,,,*****#@.....g..,,,,,,,,
*,**,,,,,,* #.###...#.********
*,**,,,,,,* #.# *,,,#,*
*,****,,,,* #.# *,,,*,********
*,,,,,,,,,*****#.# *,,,*,*,,,,,.*
*****,,,,,,,,,,..# *,,,*,*,,,,..#
*,,,,,,,,,,..# *,,,*,*,,....#
*,,,,,,,,,,..# *,,,*,*,,,...#
*,***,,,,,,..# **+**,*,,,...#


You could see a quokka and a goblin.

Vanquished Creatures
  A worker ant (D:4)
  An adder (D:2)
  2 giant geckos
  An ooze (D:3)
  An orc (D:4)
  3 giant cockroaches (D:1)
  10 goblins
  4 hobgoblins
  7 kobolds
  2 quokkas (D:2)
  A bat (D:3)
  2 giant newts
  4 rats
39 creatures vanquished.

Notes
Turn   | Place    | Note
--------------------------------------------------------------
     0 | D:1      | Psiweapon, the Octopode Monk, began the quest for the Orb.
     0 | D:1      | Reached XP level 1. HP: 16/16 MP: 1/1
   164 | D:1      | Reached XP level 2. HP: 19/21 MP: 2/2
   612 | D:1      | Reached XP level 3. HP: 21/26 MP: 3/3
  1278 | D:2      | Noticed Sigmund
  1320 | D:3      | Found a shattered altar of Ashenzari.
  1386 | D:3      | Noticed a hungry ghost
  1694 | D:4      | Reached XP level 4. HP: 31/31 MP: 4/4
  1764 | D:3      | Identified a +3 rod of destruction (14/14) (You found it on level 3 of the Dungeon)
  1801 | D:2      | Killed from afar by Sigmund

Action                   |  1- 3 |  4- 6 || total
-------------------------+-------+-------++-------
Melee: Unarmed           |    68 |     4 ||    72
 Fire: Blowgun           |     5 |     3 ||     8
Evoke: Rod               |       |     3 ||     3
  Use: Scroll            |     1 |     3 ||     4
 Stab: Sleeping          |     8 |       ||     8
